 Dungeon Crawl Stone Soup version 0.28-a0-604-g249bb1af34 (webtiles) character file.

Game seed: 2829166693531215743

296974 Palle the Shatterer (level 20, 0/126 HPs)
             Began as a Gargoyle Fighter on Oct 5, 2021.
             Was the Champion of Okawaru.
             Slain by a vault warden (16 damage)
             ... on level 1 of the Vaults.
             The game lasted 01:51:11 (35526 turns).

Palle the Shatterer (Gargoyle Fighter)             Turns: 35526, Time: 01:51:11

Health: 0/126      AC: 36    Str: 28    XL:     20   Next: 92%
Magic:  19/25      EV: 13    Int: 12    God:    Okawaru [******]
Gold:   2941       SH: 16    Dex: 10    Spells: 19/19 levels left

rFire   + + .      SeeInvis +   z - +10 morningstar "Eos" {elec, Halo rElec}
rCold   + + .      Faith    .   y - +0 kite shield {reflect}
rNeg    + + .      Spirit   .   Z - +7 pearl dragon scales of Valiance {+Inv rC+ rN+ Will+ Stlth+}
rPois   ∞          Reflect  +   h - +0 mask of the Dragon {Will+ Slay+3 SInv}
rElec   +          Harm     .   X - +2 cloak of Leapfrog {rF+ rC+}
rCorr   .          Rampage  +   D - +0 pair of gloves {Str+3}
Will    +++..      Clarity  +   q - +0 pair of boots {rampage} Stlth +.........Rnd*Tele +
                                i - amulet of regeneration
HPRegen 1.31/turn               S - ring of the Tortoise {AC+8}
MPRegen 0.19/turn               O - ring of protection from fire

@: about to teleport, heroic, finesse-ful, corroded, flying, glowing
A: sickness immunity, AC +15, big wings, negative energy resistance 1,
electricity resistance, torment resistance 1, petrification resistance, see
invisible, clarity, clever 1, deterioration 1, frail 1, high mp 1, teleportitis
1, weak 1
}: 2/15 runes: decaying, serpentine
a: Renounce Religion, Evoke Invisibility, Heroism, Finesse, Duel


You were on level 1 of the Vaults.
You worshipped Okawaru.
Okawaru was exalted by your worship.
You visited 8 branches of the dungeon, and saw 36 of its levels.
You visited the Abyss 2 times.
You also visited: Ice Cave.

You collected 4780 gold pieces.
You spent 1839 gold pieces at shops.

Inventory:

Hand Weapons
 v - a +3 war axe of flaming
 z - the +10 morningstar "Eos" (weapon) {elec, Halo rElec}
   (You took it off a wight on level 9 of the Dungeon)

   It occasionally discharges a powerful burst of electricity upon striking a
   foe.
   It grants its wielder a halo, increasing accuracy against those within it.
   rElec:     It insulates you from electricity.
 P - the +9 demon whip "Zuisk" {vamp, Str+6 Dex-2}
   (Okawaru gifted it to you on level 2 of the Swamp)

   It occasionally heals its wielder for a portion of the damage dealt when it
   wounds a living foe.
   Str:       It affects your strength (+6).
   Dex:       It affects your dexterity (-2).
Missiles
 C - 4 silver javelins (quivered)
Armour
 a - the +13 crystal plate armour of the Sun {Contam rC++}
   (Okawaru gifted it to you in an ice cave)

   rC:        It greatly protects you from cold.
   Contam:    It causes magical contamination when unequipped.
 h - the +0 mask of the Dragon (worn) {Will+ Slay+3 SInv}
   (You found it on level 3 of the Elven Halls)

   Slay:      It affects your accuracy & damage with ranged weapons and melee
   (+3).
   SInv:      It lets you see invisible.
   Will:      It increases your willpower.
 q - a +0 pair of boots of rampaging (worn)
 y - a +0 kite shield of reflection (worn)
 D - a +0 pair of gloves of strength (worn)
 X - the +2 cloak of Leapfrog (worn) {rF+ rC+}
   (Okawaru gifted it to you on level 3 of the Lair of Beasts)

   rF:        It protects you from fire.
   rC:        It protects you from cold.
 Z - the +7 pearl dragon scales of Valiance (worn) {+Inv rC+ rN+ Will+ Stlth+}
   (You found it on level 3 of the Elven Halls)

   rC:        It protects you from cold.
   rN:        It protects you from negative energy.
   +Inv:      It lets you turn invisible.
   Will:      It increases your willpower.
   Stlth:     It makes you more stealthy.
Jewellery
 g - the ring "Ysmoiclyun" {rF- AC+4 Str+3 Dex+7}
   (You took it off a deep elf archer on level 3 of the Elven Halls)

   [ring of protection]

   AC:        It affects your AC (+4).
   Str:       It affects your strength (+3).
   Dex:       It affects your dexterity (+7).
   rF:        It makes you vulnerable to fire.
 i - an amulet of regeneration (around neck)
 m - a +4 ring of protection
 A - an amulet of reflection
 O - a ring of protection from fire (right hand)
 S - the ring of the Tortoise (left hand) {AC+8}
   (You bought it in a shop on level 2 of the Orcish Mines)

   [ring of protection]

   AC:        It affects your AC (+8).
 T - the amulet of Gehaideth {Faith rElec rN+ Int+4}
   (You took it off a deep elf sorcerer on level 3 of the Elven Halls)

   [amulet of faith]

   It allows you to gain divine favour quickly.
   Int:       It affects your intelligence (+4).
   rElec:     It insulates you from electricity.
   rN:        It protects you from negative energy.
Wands
 s - a wand of flame (127)
 u - a wand of polymorph (23)
 J - a wand of paralysis (27)
 L - a wand of acid (16)
 N - a wand of iceblast (36)
 V - a wand of mindburst (36)
 W - a wand of digging (14)
Scrolls
 b - 4 scrolls of fog
 c - 6 scrolls of fear
 f - 18 scrolls of teleportation
 l - 5 scrolls of enchant armour
 n - 2 scrolls of silence
 B - 3 scrolls of brand weapon
 I - 6 scrolls of magic mapping
 M - 7 scrolls of blinking
 Q - 3 scrolls of holy word
 R - 24 scrolls of identify
 Y - 2 scrolls of enchant weapon
Potions
 d - 7 potions of cancellation
 e - 7 potions of heal wounds
 j - 7 potions of haste
 k - 2 potions of resistance
 p - 9 potions of curing
 t - 3 potions of ambrosia
 w - a potion of mutation
 x - 3 potions of brilliance
 F - 2 potions of magic
 G - 5 potions of lignification
 K - 3 potions of berserk rage
 U - 5 potions of might


   Skills:
 + Level 20.0(25.0) Fighting
 + Level 2.6(18.1) Axes
 + Level 21.1(26.1) Maces & Flails
 + Level 20.1(25.1) Armour
 + Level 4.1(9.1) Dodging
 + Level 2.2(7.2) Stealth
 + Level 19.6(24.6) Shields
 + Level 4.7 Invocations


You had 19 spell levels left.
You didn't know any spells.
Your spell library contained the following spells:

 Spells                   Type           Power      Damage    Failure   Level
 Beastly Appendage        Tmut           0%         N/A       45%         1
 Foxfire                  Conj/Fire      0%         2x1d4     45%         1
 Magic Dart               Conj           0%         1d3       45%         1
 Shock                    Conj/Air       0%         1d3       45%         1
 Blink                    Tloc           N/A        N/A       61%         2
 Corpse Rot               Necr/Air       N/A        N/A       61%         2
 Ensorcelled Hibernation  Hex/Ice        0%         N/A       61%         2
 Passwall                 Tmut/Erth      0%         N/A       61%         2
 Searing Ray              Conj           0%         2d4       61%         2
 Slow                     Hex            0%         N/A       61%         2
 Static Discharge         Conj/Air       0%         N/A       61%         2
 Wereblood                Tmut           0%         N/A       61%         2
 Confusing Touch          Hex            0%         N/A       83%         3
 Conjure Flame            Conj/Fire      0%         6-21      83%         3
 Dazzling Flash           Conj/Hex       0%         N/A       83%         3
 Ignite Poison            Fire/Tmut/Pois 0%         N/A       83%         3
 Inner Flame              Hex/Fire       0%         N/A       83%         3
 Lesser Beckoning         Tloc           0%         N/A       83%         3
 Mephitic Cloud           Conj/Pois/Air  0%         N/A       83%         3
 Portal Projectile        Hex/Tloc       0%         N/A       83%         3
 Spider Form              Tmut/Pois      0%         N/A       83%         3
 Swiftness                Air            0%         N/A       83%         3
 Vampiric Draining        Necr           0%         2d6       83%         3
 Airstrike                Air            0%         N/A       99%         4
 Dispel Undead            Necr           0%         3d6       99%         4
 Flame Wave               Conj/Fire      0%         3d3       99%         4
 Fulminant Prism          Conj/Hex       0%         3d6       99%         4
 Iskenderun's Mystic Bla  Conj/Tloc      0%         2d3       99%         4
 Leda's Liquefaction      Hex/Erth       0%         N/A       99%         4
 Sticky Flame             Conj/Fire      0%         2d3       99%         4
 Fireball                 Conj/Fire      0%         3d3       100%        5
 Freezing Cloud           Conj/Ice/Air   0%         6-21      100%        5
 Iskenderun's Battlesphe  Conj           0%         2d6       100%        5
 Lightning Bolt           Conj/Air       0%         1d11      100%        5
 Manifold Assault         Tloc           0%         N/A       100%        5
 Yara's Violent Unravell  Hex/Tmut       0%         3d3       100%        5
 Invisibility             Hex            0%         N/A       100%        6
 Iron Shot                Conj/Erth      0%         9d1       100%        6
 Starburst                Conj/Fire      0%         6d3       100%        6
 Storm Form               Tmut/Air       0%         N/A       100%        7
 Ignition                 Fire           0%         3d3       100%        8
 Maxwell's Capacitive Co  Air            0%         ∞         100%        8
 Call Canine Familiar     Summ           Unusable   N/A       N/A         3
 Summon Lightning Spire   Summ/Air       Unusable   N/A       N/A         4
 Death Channel            Necr           Unusable   N/A       N/A         6
 Spellforged Servitor     Conj/Summ      Unusable   N/A       N/A         7

Dungeon Overview and Level Annotations

Branches:
Dungeon (15/15)            Temple (1/1) D:5            Lair (6/6) D:11
  Swamp (4/4) Lair:4        Snake (4/4) Lair:2        Slime (0/5) Lair:6
    Orc (2/2) D:12            Elf (3/3) Orc:2        Vaults (1/5) D:13
 Depths (0/4) D:15          IceCv (visited)

Altars:
Cheibriados
Elyvilon
Fedhas
Gozag
Makhleb
Nemelex Xobeh
Okawaru
Qazlal
Trog
Uskayaw
Vehumet
Wu Jian
Xom
Yredelemnul
Zin
The Shining One
Beogh

Shops:
D:12 (   D:15 *   Orc:2 ?[!=   Elf:2 ?   Snake:3 [

Portals:
Pandemonium: Orc:2
Trove: D:15 (give +2 gold dragon scales)

Annotations:
D:7 exclusion: statue
D:15 1 runed translucent door, exclusion: orange crystal statue
Snake:4 6 runed translucent doors


Innate Abilities, Weirdness & Mutations

You are immune to sickness and miasma.
Your stone body is resilient. (AC +15)
You are immune to poison.
Your large and strong wings let you fly.
You resist negative energy. (rN+)
You are resistant to electric shocks. (rElec)
You are resistant to unholy torment.
You are immune to petrification.
You have supernaturally acute eyesight. (SInv)
You possess an exceptional clarity of mind.
Your mind is acute. (Int +2)
Your body sometimes deteriorates upon taking damage.
You are frail. (-10% HP)
You have an increased reservoir of magic. (+10% MP)
You are occasionally teleported next to monsters.
You are weak. (Str -2)


Message History

The deep troll bites you but does no damage.
You block the deep troll's attack. x2
The ironbound preserver hits you but does no damage.
As you read the scroll of teleportation, it crumbles to dust.
You feel strangely unstable.
You block the ironbound thunderhulk's attack.
The dire elephant tramples you!
You hold your ground!
The dire elephant trunk-slaps you.
* * * LOW HITPOINT WARNING * * *
You block the ironbound preserver's attack.
The deep troll bites you.
* * * LOW HITPOINT WARNING * * *
The deep troll claws you but does no damage.
You block the deep troll's attack.
The ironbound preserver hits you but does no damage.
You hit the vault warden.
Lightning courses through the vault warden!
The vault warden is lightly wounded.
You hit the vault warden but do no damage.
The vault warden is lightly wounded.
You block the vault warden's attack.
You hit the vault warden.
The vault warden is lightly wounded.
The ice encasing you melts away.
The ironbound thunderhulk closely misses you.
You block the dire elephant's attack.
The dire elephant trunk-slaps you but does no damage.
You block the ironbound preserver's attack.
You block the deep troll's attack. The deep troll completely misses you.
The deep troll claws you but does no damage.
The ironbound preserver hits you with a +0 dire flail.
* * * LOW HITPOINT WARNING * * *
You hit the vault warden.
The vault warden is lightly wounded.
The vault guard hits you from afar with a +2 halberd!
* * * LOW HITPOINT WARNING * * *
You barely miss the vault warden.
The vault warden is lightly wounded.
The vault warden hits you with a +0 great sword!
You die...

################
#......#.......#
#......#.......#
#......#.......#
#......#.......#
#......#.......#
#......+.....Op# .
#.....)+...ppY@##+#...p
#......#.).pBppTTT...#
#......#########....##
####'### .....# ...
###.... .... ... ....
.. .... .


You could see a dire elephant (sheltered), 2 ironbound preservers, a vault
warden (strong, sheltered), an ironbound thunderhulk (sheltered), a vault guard
(sheltered), an entropy weaver (sheltered), an ironbound frostheart (sheltered),
3 deep trolls and an ironbound convoker (sheltered).

Vanquished Creatures
  Nikola (Swamp:1)
  The ghost of Soborki the Impregnable, an adept MiBe of Trog (Snake:3)
  A deep elf master archer (Elf:3)
  3 deep elf blademasters
  A tentacled starspawn (Abyss:3)
  5 nagarajas
  A fenstrider witch (Swamp:3)
  Donald (Swamp:1)
  3 vault wardens
  Louise (Swamp:3)
  8 deep elf sorcerers
  An orc warlord (Vaults:1)
  An ironbound preserver (Snake:3)
  4 ghouls (Swamp:2)
  6 deep elf elementalists (Elf:3)
  A reaper (IceCv)
  4 very ugly things (Abyss:2)
  3 deep elf demonologists (Elf:3)
  An entropy weaver (Vaults:1)
  7 deep elf annihilators (Elf:3)
  6 bunyips
  4 eleionomae
  3 deep elf death magi (Elf:3)
  A crystal guardian (Vaults:1)
  A shambling mangrove (Swamp:3)
  5 deep elf high priests
  8 salamander tyrants
  Erolcha (Orc:2)
  A rakshasa (D:15)
  Harold (D:10)
  2 boulder beetles
  29 hydras
  A peacekeeper (Vaults:1)
  12 naga warriors
  An ogre mage (D:15)
  4 centaur warriors
  14 anacondas
  A ghost crab (Swamp:3)
  8 two-headed ogres
  An ironbound frostheart (Vaults:1)
  27 dancing weapons
  3 tengu warriors (D:15)
  8 alligators
  9 death yaks
  12 naga sharpshooters
  8 orc high priests
  4 shock serpents
  Urug (Orc:1)
  Sonja (Orc:1)
  7 spriggans
  A wretched star (Abyss:2)
  16 deep elf knights
  A sun demon (Abyss:2)
  4 salamander mystics
  5 skeletal warriors
  2 sea snakes (Snake:4)
  2 gelid demonspawn (Orc:2)
  A deep troll (D:15)
  7 naga ritualists
  2 spatial maelstroms (Abyss:2)
  6 spriggan druids
  10 deep elf archers
  A death drake (Swamp:4)
  3 goliath frogs
  An orange crystal statue (Elf:1)
  9 bog bodies
  12 orc knights
  7 swamp dragons (Swamp:4)
  A necromancer (Swamp:3)
  2 wizards
  An ironbound convoker (Vaults:1)
  19 deep elf zephyrmancers
  13 mana vipers
  A wolf spider (Lair:6)
  4 cyclopes
  27 deep elf pyromancers
  27 salamanders
  11 ugly things
  2 oklob plants (Lair:6)
  2 manticores
  10 orc sorcerers
  2 will-o-the-wisps
  Joseph (D:8)
  21 naga magi
  5 guardian serpents
  Maurice (Orc:2)
  An ice statue (IceCv)
  7 centaur zombies
  43 black mambas
  A rust devil (Orc:2)
  A torpor snail (Lair:6)
  9 elephants (Lair:3)
  2 smoke demons (Abyss:2)
  A gargoyle (D:12)
  A vault sentinel (Vaults:1)
  Maggie (D:7)
  2 orange demons
  5 rime drakes
  17 cane toads
  4 efreet
  3 unseen horrors
  2 freezing wraiths
  4 yaktaurs (Vaults:1)
  2 kobold demonologists
  2 tengu conjurers
  11 komodo dragons
  A hellwing (Orc:2)
  4 ice devils
  An anaconda simulacrum (IceCv)
  2 ancient zymes (Abyss:3)
  9 trolls
  A jumping spider (Vaults:1)
  3 large abominations (Abyss:2)
  3 meliai (D:14)
  A jumping spider (shapeshifter) (D:15)
  12 hornets
  A queen bee (shapeshifter) (D:15)
  7 tyrant leeches
  19 blink frogs
  Grinder (D:3)
  3 slime creatures (Vaults:1)
  A hornet (shapeshifter) (D:15)
  3 raiju (Abyss:2)
  2 redbacks (Lair:6)
  Sigmund (D:3)
  2 wraiths
  14 wyverns
  2 fire bats
  A shadow (D:10)
  4 air elementals
  A dire elephant simulacrum (IceCv)
  3 ynoxinuls
  5 starcursed masses (Abyss:2)
  5 water elementals
  Grum (D:9)
  A basilisk (Lair:1)
  24 yaks
  A fire elemental (Elf:1)
  3 death yak simulacra (IceCv)
  2 steam dragons
  7 vampire mosquitoes
  A neqoxec (Orc:2)
  Edmund (D:5)
  2 spatial vortices (Abyss:2)
  43 nagas
  6 wargs
  16 swamp worms
  22 water moccasins
  An acid dragon (D:10)
  2 sky beasts (D:7)
  13 swamp drakes
  An ice beast (D:7)
  3 necrophages
  32 orc warriors
  A black bear (D:7)
  7 ogres
  19 wolves
  9 centaurs
  6 kobold brigands
  9 bullfrogs
  6 two-headed ogre simulacra (IceCv)
  2 gnoll sergeants
  An earth elemental (Elf:2)
  A scorpion (D:6)
  6 small abominations
  6 killer bees (D:7)
  24 wights
  3 howler monkeys
  2 elephant simulacra (IceCv)
  8 electric eels
  A quasit (Abyss:2)
  An iron imp (D:8)
  7 hounds
  6 centaur skeletons
  25 orc priests
  A jelly (D:6)
  A gnoll shaman (D:5)
  10 iguanas
  Jessica (D:3)
  12 orc wizards
  Natasha (D:4)
  6 troll simulacra (IceCv)
  A wolf simulacrum (IceCv)
  4 polar bear simulacra (IceCv)
  4 spriggan simulacra (IceCv)
  2 howler monkey zombies
  10 adders
  12 gnolls
  A howler monkey skeleton (D:7)
  5 naga simulacra (IceCv)
  9 white imps
  4 ufetubi
  3 worms
  6 dart slugs
  66 orcs
  8 ball pythons
  12 endoplasms
  5 giant cockroaches
  9 goblins
  7 hobgoblins
  21 kobolds
  7 quokkas
  7 bats
  2 frilled lizards (D:3)
  10 rats
1288 creatures vanquished.

Vanquished Creatures (others)
  Nessos (D:13)
  A deep elf zephyrmancer (Elf:1)
  2 bloated husks
  An orc warrior (Elf:1)
  A kobold brigand (D:13)
  2 orcs (D:6)
  4 foxfires (Swamp:2)
  11 fungi
  52 plants
75 creatures vanquished.

Grand Total: 1363 creatures vanquished

Notes
Turn   | Place    | Note
-------+----------+-------------------------------------------
     0 | D:1      | Palle the Gargoyle Fighter began the quest for the Orb.
     0 | D:1      | Reached XP level 1. HP: 14/14 MP: 1/1
   193 | D:1      | Reached XP level 2. HP: 17/19 MP: 2/2
  1188 | D:1      | Reached XP level 3. HP: 22/23 MP: 3/3
  1773 | D:2      | Reached XP level 4. HP: 8/29 MP: 4/4
  2070 | D:3      | Reached skill level 3 in Maces & Flails
  3239 | D:3      | Noticed Sigmund
  3315 | D:3      | Killed Sigmund
  3316 | D:3      | Reached skill level 4 in Maces & Flails
  3316 | D:3      | Reached XP level 5. HP: 5/33 MP: 5/5
  3316 | D:3      | Reached XP level 6. HP: 6/38 MP: 6/6
  3549 | D:3      | Found a white marble altar of Elyvilon.
  3549 | D:3      | Found a blossoming altar of Fedhas.
  3706 | D:3      | Noticed Jessica
  3709 | D:3      | Killed Jessica
  3710 | D:3      | Reached skill level 1 in Dodging
  3752 | D:3      | Noticed Grinder
  3752 | D:3      | Paralysed by Grinder for 2 turns
  3759 | D:3      | Paralysed by Grinder for 6 turns
  3773 | D:3      | Killed Grinder
  3774 | D:3      | Reached skill level 5 in Maces & Flails
  3774 | D:3      | Reached skill level 5 in Armour
  3774 | D:3      | Reached XP level 7. HP: 42/44 MP: 7/7
  4670 | D:4      | Found an opulent altar of Gozag.
  4877 | D:4      | Noticed Natasha
  4887 | D:4      | Killed Natasha
  5339 | D:5      | Entered Level 5 of the Dungeon
  5437 | D:5      | Reached skill level 5 in Fighting
  5441 | D:5      | Identified the +6 flail of the Enchanted Forest {speed,
                  | rElec rN+}
  5483 | D:5      | Found a staircase to the Ecumenical Temple.
  5499 | Temple   | Entered the Ecumenical Temple
  5506 | Temple   | Became a worshipper of Warmaster Okawaru
  5552 | D:5      | Found a stormy altar of Qazlal.
  5571 | D:5      | Reached skill level 6 in Maces & Flails
  5635 | D:5      | Noticed Edmund
  5656 | D:5      | Killed Edmund
  5657 | D:5      | Reached XP level 8. HP: 13/49 MP: 8/8
  6106 | D:5      | Reached * piety under Okawaru
  6108 | D:5      | Identified a scroll of acquirement
  6108 | D:5      | Acquired a manual of Armour
  6178 | D:6      | Reached skill level 7 in Maces & Flails
  6315 | D:6      | Identified the +1 leather armour of Forking Paths {rF+
                  | Will+ Dex+2}
  6322 | D:6      | Reached skill level 1 in Stealth
  6358 | D:6      | Reached ** piety under Okawaru
  6359 | D:6      | Reached XP level 9. HP: 55/55 MP: 9/9
  6402 | D:6      | Reached skill level 8 in Maces & Flails
  6712 | D:6      | Reached skill level 5 in Shields
  6979 | D:6      | Reached skill level 9 in Maces & Flails
  7635 | D:7      | Noticed Maggie
  7655 | D:7      | Killed Maggie
  7655 | D:7      | Reached *** piety under Okawaru
  7762 | D:7      | Found a radiant altar of Vehumet.
  7918 | D:7      | Reached skill level 10 in Maces & Flails
  7920 | D:7      | Reached XP level 10. HP: 45/61 MP: 10/10
  8567 | D:8      | Reached **** piety under Okawaru
  8715 | D:8      | Noticed a six-headed hydra
  8724 | D:8      | Killed a one-headed hydra
  8927 | D:8      | Noticed a purple ugly thing
  8937 | D:8      | Killed a purple ugly thing
  8938 | D:8      | Reached skill level 1 in Axes
  8972 | D:8      | Reached ***** piety under Okawaru
  8982 | D:8      | Reached skill level 11 in Maces & Flails
  9041 | D:8      | Noticed an eight-headed hydra
  9086 | D:8      | Killed a one-headed hydra
  9086 | D:8      | Received a gift from Okawaru
  9087 | D:8      | Reached skill level 10 in Armour
  9200 | D:8      | Found a snail-covered altar of Cheibriados.
  9367 | D:8      | Noticed a two-headed ogre
  9381 | D:8      | Killed a two-headed ogre
  9382 | D:8      | Reached XP level 11. HP: 50/68 MP: 11/11
  9477 | D:8      | Noticed Joseph
  9491 | D:8      | Killed Joseph
  9642 | D:9      | Noticed a centaur warrior
  9664 | D:9      | Killed a centaur warrior
  9670 | D:9      | Noticed a centaur warrior
  9730 | D:9      | Found a burning altar of Makhleb.
  9753 | D:9      | Noticed Grum
  9774 | D:9      | Killed Grum
  9866 | D:9      | Noticed a centaur warrior
  9885 | D:9      | Killed a centaur warrior
  9885 | D:9      | Received a gift from Okawaru
  9990 | D:9      | Reached skill level 12 in Maces & Flails
 10045 | D:9      | Received a gift from Okawaru
 10072 | D:9      | Killed a centaur warrior
 10072 | D:9      | Received a gift from Okawaru
 10127 | D:9      | Noticed a cyclops
 10135 | D:9      | Killed a cyclops
 10566 | D:9      | Found a shimmering altar of Xom.
 10616 | D:10     | Entered Level 10 of the Dungeon
 10616 | D:10     | Noticed Harold
 10627 | D:10     | Killed Harold
 10696 | D:10     | Reached XP level 12. HP: 69/76 MP: 12/12
 10916 | D:10     | Found a glowing silver altar of Zin.
 11021 | D:10     | Reached skill level 13 in Maces & Flails
 11561 | D:11     | Reached skill level 10 in Fighting
 11630 | D:11     | Found a staircase to the Lair.
 11658 | D:11     | Reached ****** piety under Okawaru
 12002 | D:11     | Noticed a two-headed ogre
 12008 | D:11     | Killed a two-headed ogre
 12208 | D:12     | Noticed a six-headed hydra
 12208 | D:12     | Noticed a seven-headed hydra
 12225 | D:11     | Killed a six-headed hydra
 12399 | D:11     | Killed a seven-headed hydra
 12564 | D:12     | Found a staircase to the Orcish Mines.
 12566 | D:12     | Found Gekka's Weapon Shoppe.
 12620 | D:12     | Found a blossoming altar of Fedhas.
 12734 | D:12     | Reached skill level 14 in Maces & Flails
 13029 | Lair:1   | Entered Level 1 of the Lair of Beasts
 13032 | Lair:1   | Received a gift from Okawaru
 13183 | Lair:1   | Noticed a death yak
 13183 | Lair:1   | Noticed a death yak
 13185 | Lair:1   | Noticed a death yak
 13185 | Lair:1   | Noticed a death yak
 13211 | Lair:1   | Killed a death yak
 13212 | Lair:1   | Reached XP level 13. HP: 83/83 MP: 13/13
 13444 | Lair:1   | Reached skill level 15 in Armour
 13671 | Lair:2   | Found a frozen archway.
 13707 | IceCv    | Entered an ice cave
 14283 | IceCv    | Noticed a reaper
 14299 | IceCv    | Killed a reaper
 14299 | IceCv    | Identified the +13 crystal plate armour of the Sun {Contam
                  | rC++} (Okawaru gifted it to you in an ice cave)
 14299 | IceCv    | Received a gift from Okawaru
 14303 | IceCv    | Reached skill level 15 in Maces & Flails
 14675 | Lair:2   | Found a staircase to the Snake Pit.
 15342 | Lair:3   | Gained mutation: Your large and strong wings let you fly.
                  | [Gargoyle growth]
 15342 | Lair:3   | Reached XP level 14. HP: 83/91 MP: 12/14
 15564 | Lair:3   | Reached skill level 16 in Maces & Flails
 15629 | Lair:3   | Identified the +2 cloak of Leapfrog {rF+ rC+} (Okawaru
                  | gifted it to you on level 3 of the Lair of Beasts)
 15629 | Lair:3   | Received a gift from Okawaru
 16049 | Lair:4   | Reached skill level 10 in Shields
 16310 | Lair:4   | Found a staircase to the Swamp.
 17312 | Lair:6   | Entered Level 6 of the Lair of Beasts
 17463 | Lair:6   | Received a gift from Okawaru
 17746 | Lair:6   | Received a gift from Okawaru
 17770 | Lair:6   | Reached XP level 15. HP: 96/99 MP: 15/15
 17867 | Lair:6   | Found a staircase to the Slime Pits.
 18441 | Lair:6   | Identified the +11 quarterstaff of Arbitration {vorpal, rC+
                  | rN+ Str+2}
 18587 | Snake:1  | Entered Level 1 of the Snake Pit
 18762 | Snake:1  | Reached skill level 17 in Maces & Flails
 18905 | Snake:1  | Acquired 776 gold pieces
 18952 | Snake:1  | Found a white marble altar of Elyvilon.
 19375 | Snake:2  | Received a gift from Okawaru
 19472 | Snake:2  | Noticed a nagaraja
 19485 | Snake:2  | Killed a nagaraja
 19689 | Snake:2  | Noticed a nagaraja
 19695 | Snake:2  | Killed a nagaraja
 19696 | Snake:2  | Reached XP level 16. HP: 106/107 MP: 16/16
 19816 | Snake:2  | Reached skill level 15 in Fighting
 20169 | Snake:3  | Received a gift from Okawaru
 20207 | Snake:3  | Found Lonecooh's Antique Armour Boutique.
 20452 | Snake:3  | Received a gift from Okawaru
 21210 | Snake:4  | Entered Level 4 of the Snake Pit
 21210 | Snake:4  | Noticed Soborki's ghost (adept MiBe)
 21210 | Snake:4  | Noticed a nagaraja
 21210 | Snake:4  | Found a large runed translucent door.
 21210 | Snake:4  | Found a large runed translucent door.
 21210 | Snake:4  | Found a large runed translucent door.
 21210 | Snake:4  | Found a large runed translucent door.
 21210 | Snake:4  | Found a large runed translucent door.
 21210 | Snake:4  | Found a large runed translucent door.
 21210 | Snake:4  | Found a large runed translucent door.
 21210 | Snake:4  | Found a large runed translucent door.
 21243 | Snake:4  | Reached skill level 18 in Maces & Flails
 21307 | Snake:4  | Identified the +2 broad axe "Usuc" {vorpal, Will++ MP-9
                  | Dex+4}
 21525 | Snake:3  | Killed Soborki's ghost
 21683 | Snake:4  | Killed a nagaraja
 21685 | Snake:4  | Noticed a nagaraja
 21706 | Snake:4  | Killed a nagaraja
 21706 | Snake:4  | Identified the +2 plate armour of a Thousand Knives {Regen+
                  | Str+7} (Okawaru gifted it to you on level 4 of the Snake
                  | Pit)
 21706 | Snake:4  | Received a gift from Okawaru
 21773 | Snake:4  | Noticed a nagaraja
 21800 | Snake:4  | Killed a nagaraja
 21891 | Snake:4  | Reached XP level 17. HP: 115/115 MP: 17/17
 22158 | Snake:4  | Reached skill level 15 in Shields
 22189 | Snake:4  | Reached skill level 1 in Invocations
 22444 | Snake:4  | Got a serpentine rune of Zot
 22775 | Swamp:1  | Entered Level 1 of the Swamp
 22852 | Swamp:1  | Noticed Donald
 22867 | Swamp:1  | Killed Donald
 22923 | Swamp:1  | Noticed Nikola
 22941 | Swamp:1  | Killed Nikola
 22958 | Swamp:1  | Received a gift from Okawaru
 23629 | Swamp:2  | Identified the +9 demon whip "Zuisk" {vamp, Str+6 Dex-2}
                  | (Okawaru gifted it to you on level 2 of the Swamp)
 23629 | Swamp:2  | Received a gift from Okawaru
 24113 | Swamp:3  | Noticed Louise
 24127 | Swamp:3  | Killed Louise
 24373 | Swamp:3  | Reached skill level 19 in Maces & Flails
 24373 | Swamp:3  | Reached XP level 18. HP: 123/123 MP: 19/19
 24575 | Swamp:3  | Received a gift from Okawaru
 24724 | Swamp:4  | Entered Level 4 of the Swamp
 25246 | Swamp:4  | Got a decaying rune of Zot
 25562 | Orc:1    | Entered Level 1 of the Orcish Mines
 25588 | Orc:1    | Found a bloodstained altar of Trog.
 25733 | Orc:2    | Entered Level 2 of the Orcish Mines
 25753 | Orc:1    | Noticed Sonja
 25798 | Orc:1    | Killed Sonja
 25966 | Orc:1    | Noticed Urug
 25977 | Orc:1    | Killed Urug
 26204 | Orc:2    | Noticed Maurice
 26206 | Orc:2    | Noticed Erolcha
 26216 | Orc:2    | Killed Erolcha
 26231 | Orc:2    | Killed Maurice
 26468 | Orc:2    | Found Dastraije's Distillery.
 26470 | Orc:2    | Found Zobeyskilyu's Magic Scroll Emporium.
 26478 | Orc:2    | Gained mutation: You are dopey. (Int -2) [a neqoxec]
 26484 | Orc:2    | Gained mutation: Your body sometimes deteriorates upon
                  | taking damage. [a neqoxec]
 26538 | Orc:2    | Bought a scroll of blinking for 97 gold pieces
 26657 | Orc:2    | Identified the +9 broad axe of Gallantry {vorpal, *Rage rF+
                  | Dex+3} (Okawaru gifted it to you on level 2 of the Orcish
                  | Mines)
 26657 | Orc:2    | Received a gift from Okawaru
 26675 | Orc:2    | Found Guastrur's Antique Armour Shop.
 26675 | Orc:2    | Found Pyblaakk's Jewellery Boutique.
 26675 | Orc:2    | Found a one-way gate leading to the halls of Pandemonium.
 26681 | Orc:2    | Bought the ring of the Tortoise {AC+8} for 1408 gold pieces
 26681 | Orc:2    | Found the ring of the Tortoise {AC+8}
 26799 | Orc:2    | Found a staircase to the Elven Halls.
 27060 | Elf:1    | Entered Level 1 of the Elven Halls
 27061 | Elf:1    | Paralysed by an air elemental for 1 turns
 27191 | Elf:1    | Reached XP level 19. HP: 126/130 MP: 21/21
 27451 | Elf:1    | Paralysed by an air elemental for 1 turns
 27455 | Elf:1    | Paralysed by an air elemental for 1 turns
 27660 | Elf:1    | Received a gift from Okawaru
 27915 | Elf:2    | Paralysed by an air elemental for 1 turns
 27930 | Elf:2    | Reached skill level 20 in Maces & Flails
 27958 | Elf:2    | Found the +4 robe of Folly {Brilliance Will-∞ Int+8}
 28019 | Elf:2    | Found a runed translucent gate.
 28019 | Elf:2    | Found a runed translucent gate.
 28019 | Elf:2    | Found a runed translucent gate.
 28789 | Elf:2    | Found Ozextiyll's Magic Scroll Shop.
 28795 | Elf:2    | Bought a scroll of teleportation for 42 gold pieces
 28795 | Elf:2    | Bought a scroll of teleportation for 42 gold pieces
 29046 | Elf:3    | Entered Level 3 of the Elven Halls
 29777 | Elf:3    | Received a gift from Okawaru
 29780 | Elf:3    | Identified the ring "Ysmoiclyun" {rF- AC+4 Str+3 Dex+7}
 30113 | Elf:3    | Identified the +5 quarterstaff "Jenny" {freeze, rElec rPois
                  | rC+++ Will-}
 30832 | Elf:3    | Reached XP level 20. HP: 109/139 MP: 23/23
 30885 | Elf:3    | Paralysed by an air elemental for 1 turns
 30940 | Elf:3    | Noticed a Brimstone Fiend
 31001 | Elf:3    | Cast into level 3 of the Abyss (a deep elf sorcerer)
 31111 | Elf:3    | Escaped the Abyss
 31422 | Elf:3    | Cast into level 2 of the Abyss (a deep elf sorcerer)
 31525 | Abyss:2  | Identified the +9 spear "Wyfot" {vorpal, rPois}
 31858 | Abyss:2  | Found a shimmering altar of Xom.
 31858 | Abyss:2  | Found a shimmering altar of Xom.
 31859 | Abyss:2  | Found a shimmering altar of Xom.
 31860 | Abyss:2  | Found a shimmering altar of Xom.
 31860 | Abyss:2  | Found a shimmering altar of Xom.
 31860 | Abyss:2  | Found a shimmering altar of Xom.
 31860 | Abyss:2  | Found a shimmering altar of Xom.
 31860 | Abyss:2  | Found a corrupted altar of Lugonu.
 31860 | Abyss:2  | Found a shimmering altar of Xom.
 31861 | Abyss:2  | Found a shimmering altar of Xom.
 31861 | Abyss:2  | Found a shimmering altar of Xom.
 31862 | Abyss:2  | Found a shimmering altar of Xom.
 31862 | Abyss:2  | Found a shimmering altar of Xom.
 31862 | Abyss:2  | Found a shimmering altar of Xom.
 31862 | Abyss:2  | Found a shimmering altar of Xom.
 31863 | Abyss:2  | Found a shimmering altar of Xom.
 31873 | Abyss:2  | Found a shimmering altar of Xom.
 31955 | Elf:3    | Escaped the Abyss
 31976 | Elf:2    | Lost mutation: You are dopey. (Int -2) [potion of mutation]
 31976 | Elf:2    | Lost mutation: Your body sometimes deteriorates upon taking
                  | damage. [potion of mutation]
 31976 | Elf:2    | Gained mutation: You are clumsy. (Dex -2) [potion of
                  | mutation]
 31976 | Elf:2    | Gained mutation: You are frail. (-10% HP) [potion of
                  | mutation]
 31976 | Elf:2    | Gained mutation: Your muscles are strong. (Str +2) [potion
                  | of mutation]
 31977 | Elf:2    | Lost mutation: Your muscles are strong. (Str +2) [potion of
                  | mutation]
 31977 | Elf:2    | Gained mutation: Your spells are a little easier to cast,
                  | but a little less powerful. [potion of mutation]
 31977 | Elf:2    | Gained mutation: You have an increased reservoir of magic.
                  | (+10% MP) [potion of mutation]
 31978 | Elf:2    | Lost mutation: You are clumsy. (Dex -2) [potion of
                  | mutation]
 31978 | Elf:2    | Lost mutation: Your spells are a little easier to cast, but
                  | a little less powerful. [potion of mutation]
 31978 | Elf:2    | Gained mutation: You occasionally shout uncontrollably at
                  | your foes. [potion of mutation]
 31978 | Elf:2    | Gained mutation: You are very frail. (-20% HP) [potion of
                  | mutation]
 31978 | Elf:2    | Gained mutation: Your mind is acute. (Int +2) [potion of
                  | mutation]
 31979 | Elf:2    | Lost mutation: You occasionally shout uncontrollably at
                  | your foes. [potion of mutation]
 31979 | Elf:2    | Lost mutation: You are very frail. (-20% HP) [potion of
                  | mutation]
 31979 | Elf:2    | Gained mutation: You possess an exceptional clarity of
                  | mind. [potion of mutation]
 31979 | Elf:2    | Gained mutation: You are weak. (Str -2) [potion of
                  | mutation]
 31979 | Elf:2    | Gained mutation: You have supernaturally acute eyesight.
                  | (SInv) [potion of mutation]
 32217 | Elf:3    | Identified the +12 whip of Animal Spirits {vorpal, Fly
                  | rElec}
 32217 | Elf:3    | Identified the +1 robe "Vezun" {Str-4 Int+3 Dex+5}
 32217 | Elf:3    | Identified the amulet of Gehaideth {Faith rElec rN+ Int+4}
 32456 | Elf:3    | Found the +0 mask of the Dragon {Will+ Slay+3 SInv}
 32458 | Elf:3    | Identified the ring of Kilaamom {rF+ rC+ rN+ Str-3}
 32470 | Elf:3    | Identified the +7 pearl dragon scales of Valiance {+Inv rC+
                  | rN+ Will+ Stlth+}
 32569 | Elf:3    | Gained mutation: You have hidden genetic defects.
                  | [mutagenic glow]
 33180 | D:13     | Found a gate to the Vaults.
 33380 | D:13     | Received a gift from Okawaru
 33396 | D:13     | Noticed Nessos
 33400 | D:13     | Killed Nessos
 33805 | D:13     | Found a stormy altar of Qazlal.
 34032 | D:14     | Found a shimmering altar of Xom.
 34032 | D:14     | Found a shimmering altar of Xom.
 34043 | D:14     | Found a shimmering altar of Xom.
 34368 | D:15     | Entered Level 15 of the Dungeon
 34501 | D:15     | Found a staircase to the Depths.
 34601 | D:15     | Gained mutation: You are occasionally teleported next to
                  | monsters. [hidden defects]
 34707 | D:15     | Found Idoib's General Store.
 34713 | D:15     | Bought a scroll of blinking for 150 gold pieces
 34713 | D:15     | Bought a potion of heal wounds for 100 gold pieces
 35006 | D:15     | Found a runed translucent door.
 35151 | D:15     | Found a portal to a secret trove of treasure.
 35251 | Vaults:1 | Entered Level 1 of the Vaults
 35318 | Vaults:1 | Reached skill level 21 in Maces & Flails
 35507 | Vaults:1 | Gained mutation: Your body sometimes deteriorates upon
                  | taking damage. [hidden defects]
 35507 | Vaults:1 | Lost mutation: You have hidden genetic defects. [hidden
                  | defects expressed]
 35526 | Vaults:1 | Slain by a vault warden

Illustrated notes

Levels and vault maps discovered:
D:1:      dpeg_arrival_central, layout_rooms, serial_co_window_serial,
          co_window_cross_1, co_window_corner_a, co_window_of_opportunity_a,
          co_window_paths_a, co_window_corner_a, co_window_paths_c,
          co_window_of_opportunity_c, co_window_cross_2, co_window_broadway_a,
          co_window_corner_b, co_window_2corner, co_window_2corner,
          glass_columns_c, glass_columns_a
D:2:      layout_basic
D:3:      minmay_razor_zed, layout_loops_ring, amethyst_overflow_temple_binary,
          uniq_jessica, uniq_grinder, uniq_sigmund
D:4:      layout_cave_pods, nicolae_overflow_hidden_temple, minmay_vboxes,
          uniq_natasha
D:5:      layout_basic, mainiacjoe_overflow_catwalk, temple_green, uniq_edmund
D:6:      layout_gridville, nrook_mini_backslash
D:7:      layout_layer_cave, vehumet_statue, grunt_ministairs_3, uniq_maggie
D:8:      minmay_opposing_rooms, layout_loops_corners, slow_altar_2, uniq_joseph
D:9:      layout_rooms, mainiacjoe_overflow_surrounded_room, marbit_many_paths,
          minmay_pinched_square, uniq_grum
D:10:     layout_small_grid, mainiacjoe_overflow_brackets, special_room
          [special_room_orc], uniq_harold
D:11:     erik_rubicon_a, layout_basic, erik_lair_island
D:12:     layout_cave_pools, orc_david_3, fedhas_ov_isle_minmay
D:13:     layout_irregular_city, hangedman_vaults_entry_quadrant_bands,
          nicolae_qazlal_eye_of_the_storm, uniq_nessos
D:14:     layout_cave_pools, minmay_misc_feat_ornament, xom_redecorated
D:15:     hangedman_depths_entry_civil_slaughter, layout_loops_cross,
          roderic_roman_lattice, serial_shops, nicolae_shop_statue_plus,
          enter_trove_3, minmay_crystal_box
Temple:   cyrus_circular_temple
Lair:1:   layout_gridlike, st_stairs_7
Lair:2:   layout_hall_layers, minmay_snake_entry_six_corridors,
          portal_ice_cave_demonic_guard
Lair:3:   layout_concentric_octagons, serial_bayou_shore_b
Lair:4:   layout_roguey, nicolae_swamp_entry_splash_gauntlet, grunt_megastairs_3
Lair:5:   layout_gridlike, nicolae_lair_grove_arrangements,
          serial_bayou_shore_a, grunt_megastairs_4, infiniplex_staircase_pool_2,
          lemuel_fruit_tree
Lair:6:   hangedman_lair_tendril_chambers, layout_gridlike,
          minmay_slime_entry_oklob_open
Swamp:1:  layout_basic_swamp, evilmike_swamp_ruin_house_5, swamp_pool4,
          uniq_nikola, uniq_donald
Swamp:2:  layout_basic_swamp, evilmike_swamp_ruin_house_6, swamp_pool2
Swamp:3:  nicolae_swamp_standing_stones, layout_basic_swamp,
          evilmike_swamp_ruin_house_2, swamp_pool1, uniq_louise
Swamp:4:  swamp, layout_basic_swamp, infiniplex_staircase_pool
Snake:1:  layout_misc_corridors, basic_altar
Snake:2:  layout_misc_corridors, nicolae_snake_guarding_the_ruins
Snake:3:  layout_basic, special_room, serial_shops, nicolae_square_shop,
          statue_in_the_mist_lemuel, grunt_megastairs_2
Snake:4:  grunt_snake_rune_pools, layout_cave_shapes, advil_vaults_ghost_lines,
          serial_bayou_shore_b, serial_bayou_shore_b
Orc:1:    layout_caves, trog_butcher_becter, uniq_sonja, uniq_urug
Orc:2:    pf_orc_diabolical, layout_diamond_mine, basic_altar, uniq_erolcha,
          uniq_maurice
Elf:1:    nicolae_elf_arrival_no_cutting_in_line, layout_geoelf_octagon,
          kennysheep_underground_church, minivault_19, minivault_16
Elf:2:    nicolae_elf_blades_splatter_lattice [nicolae_blade_tridents],
          layout_geoelf_grid, serial_shops, shop
Elf:3:    minmay_elf_hall_spiked, layout_loops_corners
Vaults:1: v_alt_pattern_2, hangedman_vaults_stretched_pinwheel, v_misc_11,
          ontoclasm_vaults_hangar, nicolae_vaults_little_ls,
          nicolae_vaults_little_squares_2, v_misc_26, v_pattern_5,
          vaults_room_hallway, vaults_room_grunt_arrival_ludios,
          ontoclasm_vaults_chip, layout_vaults_omnicross, serial_shops,
          nicolae_shop_waterfront

Skill      XL: |  1  2  3  4  5  6  7  8  9 10 11 12 13 14 15 16 17 18 19 20 |
---------------+-------------------------------------------------------------+-----
Maces & Flails | 4 5 6 7 10 11 12 14 15 16 17 18 19 20 21 | 21.1
Armour         | 4 5 7 8 10 11 14 15 16 17 18 19 20 | 20.1
Fighting       | 4 5 6 8 9 10 11 13 14 15 17 18 19 20 | 20.0
Dodging        | 1 2 3 4 |  4.1
Shields        | 4 5 6 7 8 9 11 12 14 16 17 18 19 | 19.6
Stealth        | 1 2 |  2.2
Axes           | 2 |  2.6
Invocations    | 1 3 4 |  4.7

Action                   |  1- 3 |  4- 6 |  7- 9 | 10-12 | 13-15 | 16-18 | 19-21 || total
-------------------------+-------+-------+-------+-------+-------+-------+-------++-------
Melee: Flail             |   105 |   108 |   390 |   302 |       |       |       ||   905
       War axe           |       |       |       |    20 |       |       |       ||    20
       Morningstar       |       |       |       |   226 |   855 |  1349 |   949 ||  3379
Invok: Heroism           |       |       |       |       |     2 |    12 |     7 ||    21
       Finesse           |       |       |       |       |       |     7 |     6 ||    13
  Use: Scroll            |     3 |     2 |    10 |    14 |     3 |     1 |     1 ||    34
       Potion            |       |     1 |       |     1 |     2 |     1 |     4 ||     9
 Stab: Confused          |       |       |       |       |       |     1 |       ||     1
Armor: Scale mail        |    85 |    36 |   162 |    27 |       |       |       ||   310
       Plate armour      |       |       |       |   317 |    52 |       |       ||   369
       Crystal plate arm |       |       |       |       |   618 |  1017 |   478 ||  2113
       Pearl dragon scal |       |       |       |       |       |       |   174 ||   174
Dodge: Dodged            |    77 |    48 |   159 |   200 |   218 |   359 |   211 ||  1272
Block: Buckler           |    32 |    15 |    77 |   143 |       |       |       ||   267
       Kite shield       |       |       |       |     1 |   476 |   794 |   511 ||  1782
       Reflection        |       |       |       |       |       |    11 |    46 ||    57

Table legend: (Time is in decaauts)
 A = Elapsed time spent in this place.
 B = Non-inter-level travel time spent in this place.
 C = Inter-level travel time spent in this place.
 D = Time resting spent in this place.
 E = Time spent auto-exploring this place.
 F = Levels seen in this place.
 G = Mean time per level.
                   A        B        C        D        E       F      G
               +--------+--------+--------+--------+--------+-----+--------+
         Total |  34623 |  33083 |   1540 |   4628 |  18689 |  39 |  887.8 |
       Dungeon |  15067 |  14532 |    535 |   1646 |   9713 |  15 | 1004.5 |
        Temple |     14 |     14 |      0 |      0 |      0 |   1 |   14.0 |
          Lair |   4698 |   4367 |    331 |    133 |   2990 |   6 |  783.0 |
         Swamp |   2586 |   2449 |    137 |    164 |   1405 |   4 |  646.5 |
     Snake Pit |   3903 |   3760 |    143 |    598 |   1764 |   4 |  975.8 |
  Orcish Mines |   1469 |   1363 |    106 |      0 |    862 |   2 |  734.5 |
   Elven Halls |   5127 |   4842 |    285 |   1888 |   1366 |   3 | 1709.0 |
        Vaults |    232 |    232 |      0 |      0 |    105 |   1 |  232.0 |
         Abyss |    594 |    594 |      0 |      2 |    101 |   2 |  297.0 |
      Ice Cave |    929 |    929 |      0 |    197 |    383 |   1 |  929.0 |
               +--------+--------+--------+--------+--------+-----+--------+

Top non-repeatable levels by time:
   Elf:2: 2455 daAuts
   Elf:3: 1760 daAuts
     D:1: 1554 daAuts
     D:3: 1435 daAuts
     D:2: 1384 daAuts
 Snake:3: 1367 daAuts
    D:11: 1265 daAuts
     D:8: 1199 daAuts
  Lair:6: 1186 daAuts
     D:7: 1166 daAuts
     D:4: 1045 daAuts
 Snake:4: 1025 daAuts
     D:6: 979 daAuts
     D:9: 948 daAuts
   Orc:2: 940 daAuts
